 Dungeon Crawl Stone Soup version 0.20.1-1-g8b1a95d (webtiles) character file.

77 gobwax the Slasher (level 4, -8/36 HPs)
             Began as a Barachi Fighter on July 10, 2017.
             Mangled by Overlord's ghost (11 damage)
             ... on level 3 of the Dungeon.
             The game lasted 00:02:28 (1669 turns).

gobwax the Slasher (Barachi Fighter)                Turns: 1669, Time: 00:02:28

Health: -8/36      AC:  6    Str: 23    XL:     4   Next: 33%
Magic:  4/4        EV:  7    Int: 14    God:
Gold:   117        SH:  9    Dex: 11    Spells: 3/3 levels left

rFire    . . .     SeeInvis .   p - +0 long sword
rCold    . . .     Gourm    .   c - +0 shield
rNeg     . . .     Faith    .   b - +0 scale mail
rPois    .         Spirit   .   (no helmet)
rElec    .         Reflect  .   (no cloak)
rCorr    .         Harm     .   (no gloves)
MR       .....                  (no boots)
Stlth    ..........             (no amulet)
Regen    0.2/turn               (no ring)
MPRegen  0.1/turn               (no ring)

@: mighty, brilliant, very slightly contaminated, invisible, slow
A: +LOS, swims, slowness 1, strong legs 1
a: Hop


You were on level 3 of the Dungeon.
You were not hungry.

You visited 1 branch of the dungeon, and saw 3 of its levels.

You collected 117 gold pieces.

Inventory:

Hand Weapons
 a - a +0 long sword
 p - a +0 long sword (weapon)
Armour
 b - a +0 scale mail (worn)
 c - a +0 shield (worn)
Jewellery
 s - an uncursed ring of fire {unknown}
 u - an uncursed ring of poison resistance {unknown}
Scrolls
 e - 4 scrolls of recharging {unknown}
 g - 2 scrolls of remove curse {unknown}
 i - 2 scrolls of amnesia {unknown}
 m - a scroll of blinking {unknown}
 o - a scroll of teleportation {unknown}
 q - a scroll of magic mapping {unknown}
 r - a scroll of identify {unknown}
Comestibles
 f - 7 bread rations
 j - a meat ration
 k - a fruit


   Skills:
 - Level 3.6 Fighting
 * Level 5.3 Long Blades
 - Level 3.6 Armour
 - Level 3.2 Shields


You had 3 spell levels left.
You didn't know any spells.

Dungeon Overview and Level Annotations

Branches:
Dungeon (3/15)

Altars:

Annotations:
D:3 Overlord's ghost, amateur DsGl


Innate Abilities, Weirdness & Mutations

Shadows flee at your approach. (+LOS)
You can swim through water.
You cover ground slowly.
You can hop short distances.


Message History

You fade into invisibility!
You block Overlord's ghost's attack.
The kobold throws a stone.
The stone hits the hobgoblin but does no damage.
You are very lightly contaminated with residual magic.
It was a potion of curing.
You feel better.
Overlord's ghost hits you but does no damage.
The kobold throws a stone.
The stone hits the hobgoblin.
It was a potion of brilliance.
You feel clever all of a sudden. Overlord's ghost hits you.
* * * LOW HITPOINT WARNING * * *
Your shield and scale mail prevent you from hitting Overlord's ghost.
Overlord's ghost is moderately damaged.
Overlord's ghost hits you.
* * * LOW HITPOINT WARNING * * *
You block Overlord's ghost's attack.
You hit Overlord's ghost.
Overlord's ghost is heavily damaged.
Overlord's ghost hits you!
You die...

#######.##
##.#########..###.# #.#
##...#........#.#.## #.#
#........###..##.##
#.#####......#.###..####
#............#......#
#######......#####.##
#............#
###.########## #@# #W#
#g# #K# #.# #.# ... ...
...


You could see Overlord's ghost, a hobgoblin and a kobold.

Vanquished Creatures
  2 adders (D:2)
  A worm (D:2)
  2 dart slugs
  2 leopard geckos
  2 ball pythons
  3 giant cockroaches
  7 kobolds
  2 quokkas (D:2)
  6 bats
  A frilled lizard (D:1)
  12 goblins
  7 rats
47 creatures vanquished.

Vanquished Creatures (others)
  A plant (D:1)
1 creature vanquished.

Grand Total: 48 creatures vanquished

Notes
Turn   | Place    | Note
-------+----------+-------------------------------------------
     0 | D:1      | gobwax the Barachi Fighter began the quest for the Orb.
     0 | D:1      | Reached XP level 1. HP: 18/18 MP: 1/1
   189 | D:1      | Reached skill level 3 in Long Blades
   203 | D:1      | Reached XP level 2. HP: 20/24 MP: 2/2
   638 | D:1      | Reached skill level 4 in Long Blades
   650 | D:2      | Reached XP level 3. HP: 26/29 MP: 3/3
   900 | D:2      | Reached skill level 5 in Long Blades
  1039 | D:2      | Reached XP level 4. HP: 31/36 MP: 4/4
  1651 | D:3      | Noticed Overlord's ghost (amateur DsGl)
  1669 | D:3      | Mangled by Overlord's ghost

Skill      XL: |  1  2  3 |
---------------+----------+-----
Long Blades    | 3 4 5 |  5.3
Fighting       | |  3.6
Armour         | |  3.6
Shields        | |  3.2

Action                   |  1- 3 |  4- 6 || total
-------------------------+-------+-------++-------
Melee: Long sword        |    98 |    36 ||   134
  Use: Potion            |       |     4 ||     4
  Eat: Bread ration      |       |     1 ||     1
Armor: Scale mail        |    34 |    16 ||    50
Dodge: Dodged            |    40 |     8 ||    48
Block: Shield            |    50 |    26 ||    76
       Rpst.: Long sword |    10 |       ||    10
